 Dungeon Crawl Stone Soup version 0.29.1-15-g9cfb28693d (webtiles) character file.

Game seed: 13873656658894493990

21 Sharkman1231 the Sneak (level 2, 0/22 HPs)
             Began as a Naga Hedge Wizard on Apr 16, 2023.
             Slain by a jackal (2 damage)
             ... on level 1 of the Dungeon.
             The game lasted 00:00:46 (370 turns).

Sharkman1231 the Sneak (Naga Hedge Wizard)           Turns: 370, Time: 00:00:46

Health: 0/22       AC:  1    Str: 12    XL:     2   Next: 83%
Magic:  6/6        EV:  9    Int: 14    God:
Gold:   0          SH:  0    Dex: 10    Spells: 6/7 levels left

rFire   . . .      SeeInvis +   a - +0 dagger
rCold   . . .      Faith    .   (no shield)
rNeg    . . .      Spirit   .   b - +0 robe
rPois   +          Reflect  .   c - +0 hat
rElec   .          Harm     .   (no cloak)
rCorr   .          Rampage  .   (no gloves)
Will    .....                   (no barding)
Stlth   ++........              (no amulet)
HPRegen 0.07/turn               (no ring)
MPRegen 0.10/turn               (no ring)

@: short of breath, very slow
A: AC +0, large, see invisible, deformed body, poison resistance, slowness 2,
spit poison 1, naga tail 1
a: Spit Poison


You were on level 1 of the Dungeon.
You visited 1 branch of the dungeon, and saw 1 of its levels.

Inventory:

Hand Weapons
 a - a +0 dagger (weapon)
Armour
 b - a +0 robe (worn)
 c - a +0 hat (worn)
Potions
 e - a potion of brilliance {unknown}


   Skills:
 - Level 1.6 Dodging
 - Level 3.2 Stealth
 - Level 3.0 Spellcasting
 + Level 2.1 Conjurations
 - Level 1.1 Summonings
 - Level 1.1 Translocations


You had 6 spell levels left.
You knew the following spells:

 Your Spells              Type           Power      Damage    Failure   Level
a - Magic Dart            Conj           32%        1d4       9%          1

Your spell library contained the following spells:

 Spells                   Type           Power      Damage    Failure   Level
 Blink                    Tloc           10%        N/A       21%         2
 Call Imp                 Summ           5%         N/A       21%         2
 Slow                     Hex            8%         N/A       22%         1
 Conjure Flame            Conj/Fire      5%         6-21      38%         3
 Mephitic Cloud           Conj/Pois/Air  4%         N/A       43%         3


Dungeon Overview and Level Annotations

Branches:
Dungeon (1/15)

Altars:


Innate Abilities, Weirdness & Mutations

Your serpentine skin is tough. (AC +0)
You have supernaturally acute eyesight. (SInv)
Armour fits poorly on your strangely shaped body.
Your system is resistant to poisons. (rPois)
You cover ground very slowly.
You can spit poison.
You have a snake-like lower body.


Message History

Unknown command.
The magic dart hits the jackal.
The jackal is lightly wounded.
The jackal barks!
The jackal bites you.
The magic dart hits the jackal.
The jackal is moderately wounded.
The jackal bites you. The jackal closely misses you. The jackal bites you. x2
The magic dart hits the jackal.
The jackal is severely wounded.
The jackal barely misses you. The jackal closely misses you.
The magic dart hits the jackal but does no damage.
The jackal is severely wounded.
The jackal bites you.
The jackal bites you but does no damage.
The jackal closely misses you.
Okay, then.
You are too injured to fight recklessly!
Unknown command.
Casting: Magic Dart (safe; 9% risk of failure)
Confirm with . or Enter, or press ? or * to list all spells.
Aiming: Magic Dart (safe; 9% risk of failure)
Press: ? - help, Shift-Dir - straight line, f/p - jackal
Aim: a jackal (severely wounded, 100% to hit)
The magic dart hits the jackal.
The jackal is almost dead.
You have got your breath back.
The jackal bites you. The jackal barely misses you. The jackal bites you.
* * * LOW HITPOINT WARNING * * *
Magic courses through your body. The jackal barely misses you.
The jackal bites you.
* * * LOW HITPOINT WARNING * * *
Unknown command.
Aiming: Spit Poison (2% risk of failure)
Press: ? - help, Shift-Dir - straight line, f/p - jackal
Aim: a jackal (almost dead, 50% to hit)
The splash of poison hits the jackal.
You kill the jackal!
The jackal bites you.
You die...

.# .#############
....)........#
.######..###.###
................
..#....#.#########
.................#######
..#..............h).....
........########@# h#
......#..### #†# .#
..÷........# #S# .#
'8###....### #h#####.##
.~~≈##...# #...Sh...#
P.~~~##..# #........#
8..P~≈##.# #........#
....~~~#.# #...........
<..8.P~#.# #.##########


You could see 2 jackals and a ball python.

Vanquished Creatures
  A gnoll (D:1)
  A ball python (D:1)
  2 bats (D:1)
  A goblin (D:1)
  A hobgoblin (D:1)
  A jackal (D:1)
  A kobold (D:1)
  A quokka (D:1)
  A frilled lizard (D:1)
10 creatures vanquished.

Notes
Turn   | Place    | Note
-------+----------+-------------------------------------------
     0 | D:1      | Sharkman1231 the Naga Hedge Wizard began the quest for the
                  | Orb.
     0 | D:1      | Reached XP level 1. HP: 15/15 MP: 4/4
   130 | D:1      | Reached XP level 2. HP: 22/22 MP: 3/6
   370 | D:1      | Slain by a jackal

Illustrated notes

Levels and vault maps discovered:
D:1:      lightli_arrival_statuegarden, layout_basic, minmay_lizard_king

Skill      XL: |  1  2 |
---------------+-------+-----
Conjurations   | 2 |  2.1
Dodging        | |  1.6
Stealth        | |  3.2
Spellcasting   | |  3.0
Summonings     | |  1.1
Translocations | |  1.1

Action                   || total
-------------------------++-------
Melee: Dagger            ||     4
 Cast: Magic Dart        ||    25
 Abil: Spit Poison       ||     7
  Use: Potion            ||     1
Armor: Robe              ||     4
Dodge: Dodged            ||    15
